 Dungeon Crawl Stone Soup version 0.23-a0-368-g82e9058 (webtiles) character file.

15 Cryolive the Digger (level 2, 0/15 HPs)
             Began as a Gargoyle Earth Elementalist on Oct 24, 2018.
             Slain by a rat (2 damage)
             ... on level 1 of the Dungeon.
             The game lasted 00:00:47 (181 turns).

Cryolive the Digger (Gargoyle Earth Elementalist)    Turns: 181, Time: 00:00:48

Health: 0/15       AC:  4    Str: 11    XL:     2   Next: 50%
Magic:  5/5        EV: 12    Int: 15    God:
Gold:   17         SH:  0    Dex: 10    Spells: 4/5 levels left

rFire    . . .     SeeInvis .   a - +0 spear
rCold    . . .     Gourm    .   (no shield)
rNeg     + . .     Faith    .   c - +0 robe
rPois    ∞         Spirit   .   (no helmet)
rElec    +         Reflect  .   (no cloak)
rCorr    .         Harm     .   (no gloves)
MR       .....                  (no boots)
Stlth    ++........             (no amulet)
HPRegen  0.05/turn              (no ring)
MPRegen  0.09/turn              (no ring)

@: no status effects
A: negative energy resistance 1, electricity resistance, unbreathing,
petrification resistance, rot immunity, AC +2
a: no special abilities


You were on level 1 of the Dungeon.
You were not hungry.

You visited 1 branch of the dungeon, and saw 1 of its levels.

You collected 17 gold pieces.

Inventory:

Hand Weapons
 a - a +0 spear (weapon)
Missiles
 b - 47 stones (quivered)
Armour
 c - a +0 robe (worn)
Scrolls
 e - a scroll of remove curse {unknown}
Comestibles
 d - 2 rations


   Skills:
 - Level 1.5 Dodging
 - Level 2.1 Stealth
 + Level 2.4 Spellcasting
   Level 0.7 Transmutations
 + Level 4.1 Earth Magic


You had 4 spell levels left.
You knew the following spells:

 Your Spells              Type           Power        Failure   Level  Hunger
a - Sandblast             Erth           ##....       3%          1    #......

Your spell library contained the following spells:

 Spells                   Type           Power        Failure   Level  Hunger
 Passwall                 Tmut/Erth      #.......     12%         2    ###....
 Stone Arrow              Conj/Erth      #.....       26%         3    ###....
 Petrify                  Tmut/Erth      #.......     61%         4    #####..
 Lee's Rapid Deconstruct  Erth           ##........   71%         5    ######.


Dungeon Overview and Level Annotations

Branches:
Dungeon (1/15)

Altars:


Innate Abilities, Weirdness & Mutations

You are resistant to torment.
Your stone body is resilient. (AC +2)
You are immune to poison.
You resist negative energy. (rN+)
You are resistant to electric shocks. (rElec)
You can survive without breathing.
You are immune to petrification.
You are immune to rotting.


Message History

Tha hobgoblin shouts!
A rat comes inta view.
Tha hobgoblin moves outta view.
A giant cockroach comes inta view.
Tha hobgoblin barely misses ye.
Ye barely miss tha hobgoblin.
Tha hobgoblin hits ye wit' a +0 club.
* * * LOW HITPOINT WARNIN'
* * * Ye hit tha hobgoblin.
Tha hobgoblin be almost dead.
Tha giant cockroach misses ye.
Tha hobgoblin closely misses ye.
Ye hit tha hobgoblin.
Ye kill tha hobgoblin!
Tha giant cockroach bites ye but does nay damage.
Tha rat bites ye but does nay damage.
Tha giant cockroach closely misses ye.
Ye completely miss tha giant cockroach.
Tha rat bites ye.
* * * LOW HITPOINT WARNIN'
* * * Tha giant cockroach barely misses ye.
Ye hit tha giant cockroach but do nay damage.
Tha rat bites ye.
Ye die...

#################
.................
.................
.....................
.... .$...#........ ...#
#..........
...######...#..#########
...#...........)@s.....#
...#.######.##.r######.#
...# #.......# ...#
...#.##.##
...########.##.#
..........#.##.#
.##.###.#.#.##.#
......#.#.#.##.#
###.#.#...#.##.#####


You could see a giant cockroach and a rat.

Vanquished Creatures
  2 oozes (D:1)
  A leopard gecko (D:1)
  A bat (D:1)
  A hobgoblin (D:1)
  A ball python (D:1)
6 creatures vanquished.

Notes
Turn   | Place    | Note
-------+----------+-------------------------------------------
     0 | D:1      | Cryolive the Gargoyle Earth Elementalist began the quest
                  | for the Orb.
     0 | D:1      | Reached XP level 1. HP: 10/10 MP: 3/3
    13 | D:1      | Reached XP level 2. HP: 9/15 MP: 0/5
    33 | D:1      | Reached skill level 4 in Earth Magic
   181 | D:1      | Slain by a rat

Vault maps used:
D:1:      minmay_arrival_radiant_lines

Skill      XL: |  1  2 |
---------------+-------+-----
Earth Magic    | 4 |  4.1
Dodging        | |  1.5
Stealth        | |  2.1
Spellcasting   | |  2.4
Transmutations | |  0.7

Action                   || total
-------------------------++-------
Melee: Unarmed           ||    17
       Spear             ||     9
 Cast: Sandblast         ||     3
Armor: Robe              ||     5
Dodge: Dodged            ||    26

Table legend:
 A = Non-vault XP
 B = Vault XP
 C = Vault XP percentage of total XP
 D = Non-vault monster count
 E = Vault monster count
 F = Vault count percentage of total count
                 A         B        C        D         E       F
            +---------+---------+-------+---------+---------+-------
      Total |      22 |       0 |   0.0 |       6 |       0 |   0.0
            +---------+---------+-------+---------+---------+-------
        D:1 |      22 |       0 |   0.0 |       6 |       0 |   0.0
            +---------+---------+-------+---------+---------+-------
